[Event "Late-Titled-Tuesday-Blitz-February-20-2024"]
[Site "Chess.com"]
[Date "2024.02.20"]
[Round "2"]
[White "lucliasco"]
[Black "davigator"]
[Result "1-0"]
[WhiteElo "2882"]
[BlackElo "2392"]
[TimeControl "180+1"]
[EndTime "14:15:19 PST"]
[Termination "lucliasco won by resignation"]

1. e4 c5 2. Nc3 Nc6 3. f4 g6 4. Nf3 Bg7 5. Bc4 Nh6 6. O-O O-O 7. d3 d6 8. Qe1 Bg4 9. Qh4 Bxf3 10. Rxf3 e6 11. Rh3 Qxh4 12. Rxh4 d5 13. Bb3 c4 14.
dxc4 dxe4 15. Nxe4 Nf5 16. Rh3 Rfd8 17. Bd2 a5 18. Ba4 Bxb2 19. Rb1 Bg7 20. Rxb7 Nb4 21.
Bc3 Rd1+ 22. Kf2 Nxa2 23. Bxg7 Kxg7 24. Ng5 Rd2+ 25. Ke1 Rad8 26. Nxe6+ Kg8 27. Nxd8 Rxd8 28. Bb3 Nd6 29. Ra7 Nc1 30. c5 Nxb3 31. cxb3 Ne4 32. c6 Rc8 33. c7 h5 34. Rd3 Kg7 35. Rd8 1-0

[Event "Late-Titled-Tuesday-Blitz-February-20-2024"]
[Site "Chess.com"]
[Date "2024.02.20"]
[Round "2"]
[White "OPQRC"]
[Black "AlejandroArias"]
[Result "0-1"]
[WhiteElo "2520"]
[BlackElo "2381"]
[TimeControl "180+1"]
[EndTime "14:15:19 PST"]
[Termination "AlejandroArias won by resignation"]

1. e4 c5 2. Nf3 g6 3. c3 Nf6 4. e5 Nd5 5. Bc4 Nb6 6. Bb3 c4 7. Bc2 Nc6 8. O-O Bg7 9. Re1 O-O 10. Na3 Qc7 11. Qe2 Qb8 12. Nxc4 Nxc4 13. Qxc4 Nxe5 14. Nxe5 Bxe5 15. d4 Bxh2+ 16. Kh1 Bf4 17. Rxe7 Bxc1 18. Rxc1 Qf4 19. Rce1 Qxf2 20. Bb3 d6 21. Rf1 Qh4+ 22. Kg1 Qxe7 23. Bc2 Be6 24. Qd3 Bf5 25. Rxf5 gxf5 26. Qxf5 f6 27. Be4 Kh8 28. c4 Rg8 29. b4 Rae8 30. Bd5 Qe1+ 31. Kh2 Qg3+ 0-1

[Event "Late-Titled-Tuesday-Blitz-February-20-2024"]
[Site "Chess.com"]
[Date "2024.02.20"]
[Round "2"]
[White "Mikhal867"]
[Black "BillCoe"]
[Result "1-0"]
[WhiteElo "2436"]
[BlackElo "2136"]
[TimeControl "180+1"]
[EndTime "14:15:22 PST"]
[Termination "Mikhal867 won by resignation"]

1. d4 d5 2. c4 e6 3. Nf3 Be7 4. g3 Nf6 5. Bg2 O-O 6. O-O c6 7. Qc2 b6 8. Rd1 Nbd7 9. Nc3 Bb7 10. e4 dxe4 11. Nxe4 Nxe4 12. Qxe4 Nf6 13. Qc2 Rc8 14.
c5 Nd5 15. Ne5 Bf6 16. a3 Re8 17. b4 Bxe5 18. dxe5 Qc7 19. f4 Red8 20. Be4 g6 21. h4 Ne7 22. Be3 Nf5 23. Bf2 Rxd1+ 24. Rxd1 b5 25.
Bxf5 gxf5 26. Rd6 a6 27. Qe2 Kh8 28. Qh5 Rg8 29. Kh2 Rg7 30. Qh6 Bc8 31. Qf6 h5 32. Qh6+ Kg8 33. Qxh5 Bd7 34. Qh6 Be8 35. Qf6 a5 36. Qd8 1-0

[Event "Late-Titled-Tuesday-Blitz-February-20-2024"]
[Site "Chess.com"]
[Date "2024.02.20"]
[Round "2"]
[White "Mikhail_Golubev"]
[Black "Stalri"]
[Result "0-1"]
[WhiteElo "2602"]
[BlackElo "2393"]
[TimeControl "180+1"]
[EndTime "14:15:24 PST"]
[Termination "Stalri won by resignation"]

1. e4 Nc6 2. Nf3 d6 3. d4 Nf6 4.
Nc3 e5 5. Bb5 Nd7 6. Bg5 Be7 7.
Bxe7 Qxe7 8. Nd5 Qd8 9. O-O O-O 10. c3 a6 11. Bxc6 bxc6 12. Nb4 Bb7 13. dxe5 dxe5 14. Nd3 Qe7 15. Qd2 c5 16. Qe3 c4 17. Nb4 Nf6 18. Nd2 a5 19. Nc2 Rfd8 20. Nxc4 Bxe4 21. N2a3 Bd3 22. Rfe1 e4 23. b3 a4 24. b4 Nd5 25. Qd2 Qf6 26. Rac1 Nf4 27.
Ne3 Qg5 28. Qb2 Ra6 29. Rcd1 Rg6 30. g3 Rf6 31. Qc1 Nh3+ 32. Kg2 Rxf2+ 33. Kh1 Qh5 34. Rd2 Qf3+ 0-1

[Event "Late-Titled-Tuesday-Blitz-February-20-2024"]
[Site "Chess.com"]
[Date "2024.02.20"]
[Round "2"]
[White "JoakimVonAnd"]
[Black "RichardShtivelband"]
[Result "1-0"]
[WhiteElo "2695"]
[BlackElo "2344"]
[TimeControl "180+1"]
[EndTime "14:15:26 PST"]
[Termination "JoakimVonAnd won by resignation"]

1. c4 c6 2. Nf3 d5 3. e3 Nf6 4. b3 g6 5. Bb2 Bg7 6. Nc3 O-O 7. Be2 Re8 8. d4 Bf5 9. O-O Nbd7 10. h3 Ne4 11. Nh4 Nxc3 12. Bxc3 Be6 13. Nf3 h6 14. Bd3 Nf6 15. Qc2 Qd7 16. Ne5 Qc8 17. f4 Bf5 18. g4 Bxd3 19. Qxd3 Ne4 20. f5 g5 21. Rac1 Qd8 22. Bb2 a5 23. cxd5 Qxd5 24. Nc4 Ng3 25. e4 Nxe4 26. Ne3 Nc5 27. Rxc5 1-0

[Event "Late-Titled-Tuesday-Blitz-February-20-2024"]
[Site "Chess.com"]
[Date "2024.02.20"]
[Round "2"]
[White "GoltsevDmitry2000"]
[Black "N18player"]
[Result "1-0"]
[WhiteElo "2784"]
[BlackElo "2499"]
[TimeControl "180+1"]
[EndTime "14:15:30 PST"]
[Termination "GoltsevDmitry2000 won by resignation"]

1. e4 e6 2. d4 d5 3. exd5 exd5 4. Nf3 c5 5. c4 cxd4 6. Qxd4 Nc6 7. Qxd5 Qxd5 8.
cxd5 Nb4 9. Na3 Nxd5 10. Bb5+ Bd7 11. Bxd7+ Kxd7 12. Nc4 Bb4+ 13. Bd2 Bxd2+ 14. Kxd2 f6 15. Rhd1 Nge7 16. Ke1 Rac8 17. Rac1 b5 18. Na5 Rxc1 19. Rxc1 a6 20. g3 Nb4 21. Rd1+ Kc7 22. a3 Nbd5 23.
Nd4 Kb6 24. b4 Rc8 25. Ne6 Rc3 26. Ra1 Nf5 27. Kd2 Nd6 28. Nxg7 Ne4+ 29. Ke2 Rc2+ 30. Kd3 Rxf2 31. Kxe4 Nc3+ 32. Ke3 Rxh2 33. Rc1 Nd5+ 34. Ke4 Ne7 35. Nf5 Re2+ 36. Kf3 1-0

[Event "Late-Titled-Tuesday-Blitz-February-20-2024"]
[Site "Chess.com"]
[Date "2024.02.20"]
[Round "2"]
[White "DeArron_Fox"]
[Black "Mr_Heisenberg13"]
[Result "0-1"]
[WhiteElo "2525"]
[BlackElo "2845"]
[TimeControl "180+1"]
[EndTime "14:15:34 PST"]
[Termination "Mr_Heisenberg13 won by resignation"]

1. d4 Nf6 2. c4 e6 3. Nf3 a6 4.
Nc3 d5 5. cxd5 exd5 6. Bg5 Be6 7. Bxf6 Qxf6 8. Qb3 Ra7 9. g3 Qd8 10. h4 h6 11. Bh3 Bxh3 12. Rxh3 c6 13. Kf1 Be7 14.
e4 dxe4 15. Nxe4 O-O 16. Kg2 Nd7 17. Qc2 Nf6 18. Neg5 Qd5 19. Re1 Bd6 20. Ne4 Nxe4 21. Qxe4 Qxe4 22. Rxe4 Raa8 23. Rh1 Rfe8 24. Rhe1 Rxe4 25.
Rxe4 Kf8 26. Kf1 Rd8 27. Ke2 Be7 28. Kd3 Bf6 29. b3 c5 30. Kc4 cxd4 31. Nxd4 h5 32. f3 g6 33. g4 hxg4 34. Rxg4 Rc8+ 35. Kd3 Rc1 36. Nc2 Rh1 37. Rb4 b5 38. a4 Be7 39.
Re4 Bxh4 40. axb5 axb5 41. Rb4 Rd1+ 42. Ke2 Rd5 43. Nd4 Be7 44. Rxb5 Rxd4 45. Rb8+ Kg7 46. Rb7 Kf6 47. Ke3 Rb4 0-1

[Event "Late-Titled-Tuesday-Blitz-February-20-2024"]
[Site "Chess.com"]
[Date "2024.02.20"]
[Round "2"]
[White "sakkikuska"]
[Black "glebus008"]
[Result "1-0"]
[WhiteElo "2517"]
[BlackElo "2316"]
[TimeControl "180+1"]
[EndTime "14:15:35 PST"]
[Termination "sakkikuska won by resignation"]

1. e4 Nc6 2. Nf3 d5 3. exd5 Qxd5 4. Nc3 Qh5 5. Be2 Bg4 6. O-O O-O-O 7. h3 Nf6 8. d3 e5 9. Ng5 Bxe2 10. Qxe2 Nd4 11.
Qxh5 Nxh5 12. Nxf7 Nxc2 13. Rb1 Bc5 14. Bg5 Rdf8 15.
Nxh8 Rxh8 16. Rbc1 Nd4 17. Be3 Rf8 18. Bxd4 Bxd4 19.
Nb5 Nf4 20. Nxd4 exd4 21. Rcd1 c5 22. Rfe1 b6 23. Re7 1-0

[Event "Late-Titled-Tuesday-Blitz-February-20-2024"]
[Site "Chess.com"]
[Date "2024.02.20"]
[Round "2"]
[White "IamSchrodingersCat"]
[Black "LiemLe"]
[Result "0-1"]
[WhiteElo "2610"]
[BlackElo "3026"]
[TimeControl "180+1"]
[EndTime "14:15:36 PST"]
[Termination "LiemLe won by resignation"]

1. e4 c5 2. Nf3 Nc6 3. d4 cxd4 4.
Nxd4 e5 5. Nb5 d6 6. N1c3 a6 7. Na3 Be6 8. Nc4 Rb8 9. a4 Nf6 10. Be3 d5 11. exd5 Nxd5 12. Nxd5 Bxd5 13. Nb6 Be6 14.
Bc4 Bxc4 15. Qxd8+ Rxd8 16. Nxc4 Be7 17. c3 f5 18. Ke2 Kf7 19. f3 Ke6 20. Rhd1 h5 21. Bb6 Rxd1 22. Rxd1 h4 23. h3 Rc8 24. Nd2 Nb8 25.
Bf2 Nd7 26. Nb3 Rc4 27. Be3 Rxa4 28. Bf2 g6 29. Bxh4 Rxh4 0-1

[Event "Late-Titled-Tuesday-Blitz-February-20-2024"]
[Site "Chess.com"]
[Date "2024.02.20"]
[Round "2"]
[White "IlyaGrigorjev"]
[Black "MusicCityMaster"]
[Result "1-0"]
[WhiteElo "2900"]
[BlackElo "2547"]
[TimeControl "180+1"]
[EndTime "14:15:39 PST"]
[Termination "IlyaGrigorjev won by resignation"]

1. e4 e6 2. d4 d5 3. Nc3 Bb4 4. Ne2 dxe4 5. a3 Bxc3+ 6. Nxc3 Nc6 7. Bb5 Ne7 8. Bf4 a6 9. Bxc6+ Nxc6 10. d5 e5 11. Bg3 Ne7 12. Bxe5 O-O 13. O-O Bf5 14.
Qd4 f6 15. Bg3 Kh8 16. Rad1 Re8 17. Rfe1 e3 18. Rxe3 Bxc2 19. Rde1 Bg6 20. Qc5 Ng8 21.
Rxe8 Bxe8 22. Bxc7 Qd7 23. d6 Bg6 24. h3 Re8 25.
Re3 f5 26. Nd5 Rxe3 27. Qxe3 Qe8 28. Qxe8 Bxe8 29. Bd8 Nh6 30. f4 Nf7 31. Be7 Kg8 32. Nb6 h6 33. d7 Bxd7 34. Nxd7 g5 35. g3 Kg7 36. Ne5 Nh8 37. fxg5 hxg5 38. Bxg5 Ng6 39.
Nxg6 Kxg6 40. Bf4 1-0

[Event "Late-Titled-Tuesday-Blitz-February-20-2024"]
[Site "Chess.com"]
[Date "2024.02.20"]
[Round "2"]
[White "KorolDimitriy75"]
[Black "chessydotcom"]
[Result "0-1"]
[WhiteElo "2414"]
[BlackElo "2190"]
[TimeControl "180+1"]
[EndTime "14:15:39 PST"]
[Termination "chessydotcom won on time"]

1. d4 d5 2. c4 e6 3. Nc3 c5 4. cxd5 exd5 5. Nf3 Nc6 6. g3 Nf6 7. Bg2 cxd4 8. Nxd4 Bc5 9. Nxc6 bxc6 10. O-O O-O 11. b3 Ba6 12. Na4 Bb6 13. Nxb6 axb6 14. Bb2 Re8 15. Bf3 Ne4 16. Qd4 f6 17. Rfd1 Ng5 18. Rd2 Bxe2 19. Bxe2 Rxe2 20. Kg2 Rxd2 21. Qxd2 Qd7 22.
Qd3 Qh3+ 23. Kg1 Re8 24. Rd1 Qg4 25. h4 Nh3+ 26. Kg2 Nf4+ 0-1

[Event "Late-Titled-Tuesday-Blitz-February-20-2024"]
[Site "Chess.com"]
[Date "2024.02.20"]
[Round "2"]
[White "Rud_Makarian"]
[Black "Jadro9"]
[Result "1-0"]
[WhiteElo "3069"]
[BlackElo "2625"]
[TimeControl "180+1"]
[EndTime "14:15:40 PST"]
[Termination "Rud_Makarian won by resignation"]

1. d4 d6 2. Nf3 Nd7 3. e4 e5 4. Bc4 h6 5. O-O Ngf6 6. Nc3 Be7 7. a4 O-O 8. h3 c6 9. Qe2 Re8 10. Rd1 Bf8 11. d5 Nb6 12. dxc6 bxc6 13. Bb3 Be6 14. a5 Nbd7 15. Bxe6 Rxe6 16. b3 Qc7 17. Qc4 Qb7 18. Be3 Rd8 19. a6 Qa8 20. Rd2 Nb6 21. Bxb6 axb6 22. a7 d5 23. Qa6 d4 24. Na4 Bc5 25. b4 Nxe4 26. bxc5 Nxc5 27. Qxb6 Ne4 28. Nc5 Nxd2 29.
Nxe6 Nxf3+ 30. gxf3 fxe6 31. Qxd8+ 1-0

[Event "Late-Titled-Tuesday-Blitz-February-20-2024"]
[Site "Chess.com"]
[Date "2024.02.20"]
[Round "2"]
[White "Bugcrusher"]
[Black "Jahonas"]
[Result "1-0"]
[WhiteElo "2527"]
[BlackElo "2345"]
[TimeControl "180+1"]
[EndTime "14:15:40 PST"]
[Termination "Bugcrusher won by resignation"]

1. d4 d5 2. Bf4 e6 3. e3 Bd6 4. Nf3 Bxf4 5. exf4 Ne7 6. Bd3 a6 7. Ne5 Nbc6 8. c3 Nxe5 9. fxe5 O-O 10. Qh5 f5 11.
exf6 Nf5 12. fxg7 Rf6 13. Bxf5 Rxf5 14. Qh6 c5 15. O-O cxd4 16. cxd4 Bd7 17. Nd2 Qb6 18. Nf3 Rxf3 19. gxf3 Qxd4 20. Rae1 Re8 21. Qe3 Qh4 22. Rd1 Re7 23. Rd4 Rxg7+ 24. Kh1 Qh3 25. Rg1 Rxg1+ 26. Kxg1 Qf5 27. Rg4+ Kh8 28. Qh6 Qf7 29. Qg5 h5 30. Qh6+ 1-0

[Event "Late-Titled-Tuesday-Blitz-February-20-2024"]
[Site "Chess.com"]
[Date "2024.02.20"]
[Round "2"]
[White "DrRiebert"]
[Black "ansko1999"]
[Result "1-0"]
[WhiteElo "2343"]
[BlackElo "2674"]
[TimeControl "180+1"]
[EndTime "14:15:41 PST"]
[Termination "DrRiebert won by resignation"]

1. e4 d6 2. d4 g6 3. Be3 Bg7 4. Qd2 a6 5. f3 Nd7 6. c4 c5 7. Ne2 cxd4 8. Nxd4 Qc7 9. Nc3 Ngf6 10. Rc1 Ne5 11.
Nd5 Nxd5 12. cxd5 Qd8 13. h3 O-O 14. Be2 e6 15. dxe6 Bxe6 16. O-O b5 17. b3 d5 18. f4 Nd7 19. f5 dxe4 20. fxe6 Ne5 21. exf7+ Rxf7 22. Rxf7 Kxf7 23. Qc2 Kg8 24. Qxe4 Kh8 25.
Ne6 Qe8 26. Nxg7 Kxg7 27. Bd4 Rc8 28. Qxe5+ 1-0

[Event "Late-Titled-Tuesday-Blitz-February-20-2024"]
[Site "Chess.com"]
[Date "2024.02.20"]
[Round "2"]
[White "sergiochess83"]
[Black "Eesha-Karavade"]
[Result "1-0"]
[WhiteElo "2907"]
[BlackElo "2394"]
[TimeControl "180+1"]
[EndTime "14:15:42 PST"]
[Termination "sergiochess83 won by resignation"]

1. d4 Nf6 2. c4 e6 3. g3 d5 4.
Bg2 dxc4 5. Qa4+ c6 6. Qxc4 b5 7. Qd3 Bb7 8. Nc3 a6 9. Bg5 Nbd7 10. e3 Be7 11. Nge2 h6 12. Bxf6 Nxf6 13. O-O O-O 14.
Rac1 Qb6 15. Ne4 Nd7 16. Qc2 Rac8 17. Nc5 Nxc5 18. dxc5 Qc7 19. b4 a5 20. a3 axb4 21. axb4 Ra8 22. Nd4 Ra4 23. Rb1 Rfa8 24. Rfd1 g6 25.
Nxe6 Qe5 26. Nd4 R8a7 27. Nxc6 Bxc6 28. Bxc6 Ra2 29. Qe4 Qf6 30. Qf3 Qxf3 31. Bxf3 Bf6 32. Bc6 Rc2 33. Bxb5 Raa2 34. Rf1 h5 35. Bd3 Rd2 36.
Be4 Be7 37. c6 1-0

[Event "Late-Titled-Tuesday-Blitz-February-20-2024"]
[Site "Chess.com"]
[Date "2024.02.20"]
[Round "2"]
[White "PacingRope"]
[Black "MaestroCheck"]
[Result "1-0"]
[WhiteElo "2904"]
[BlackElo "2549"]
[TimeControl "180+1"]
[EndTime "14:15:44 PST"]
[Termination "PacingRope won by checkmate"]

1. e4 c5 2. Nf3 e6 3. d4 cxd4 4. Nxd4 Nf6 5. Nc3 Nc6 6. g4 Bb4 7. Bg2 d5 8. Nxc6 bxc6 9. g5 Nxe4 10.
Bxe4 dxe4 11. Qxd8+ Kxd8 12. Bd2 Bb7 13. O-O-O Ke7 14.
Nxe4 Bxd2+ 15. Rxd2 c5 16. Re1 Bxe4 17. Rxe4 Rhd8 18.
Rc4 Rxd2 19. Kxd2 Kd6 20. Rh4 Rh8 21. Ra4 Ra8 22. Rh4 Rh8 23. Rf4 Rf8 24. h4 f5 25.
Ra4 Rf7 26. f4 e5 27. Ke3 Rb7 28. b3 e4 29. Ra6+ Ke7 30. Rc6 g6 31. Rxc5 Rd7 32.
Ra5 Rd1 33. Rxa7+ Kd6 34. Rxh7 Re1+ 35. Kd2 Rf1 36. h5 gxh5 37. Rxh5 Rxf4 38. g6 Ke5 39.
Rg5 Rf2+ 40. Ke1 Rxc2 41. g7 Kd4 42. g8=Q f4 43. Rd5+ Ke3 44. Qg1+ Kf3 45. Rd2 Rc1+ 46.
Rd1 Rc2 47. Qh1+ Ke3 48. Qh3+ f3 49. Qh6# 1-0

[Event "Late-Titled-Tuesday-Blitz-February-20-2024"]
[Site "Chess.com"]
[Date "2024.02.20"]
[Round "2"]
[White "Rashad_Zeynalli"]
[Black "s-dshubin"]
[Result "1-0"]
[WhiteElo "2639"]
[BlackElo "2359"]
[TimeControl "180+1"]
[EndTime "14:15:45 PST"]
[Termination "Rashad_Zeynalli won by checkmate"]

1. e4 e6 2. d4 d5 3. Nc3 Nf6 4. e5 Ne4 5. Nxe4 dxe4 6. c3 c5 7. Ne2 b6 8. Ng3 Bb7 9. Bb5+ Nd7 10. Be3 a6 11. Bxd7+ Qxd7 12. dxc5 Qxd1+ 13. Rxd1 Bxc5 14. Bxc5 bxc5 15. O-O Ke7 16. Rfe1 Rhd8 17. Kf1 Rxd1 18. Rxd1 f5 19. Nh5 Bd5 20. b3 c4 21. b4 a5 22. b5 g6 23. Nf6 a4 24. Nxd5+ exd5 25. Rxd5 Ke6 26. Rc5 Rd8 27. Ke2 Rb8 28. Ke3 Rb7 29.
Kd4 Rd7+ 30. Kxc4 Rd2 31. b6 Rxa2 32. b7 Rb2 33. Rb5 Rxf2 34. b8=Q Rxg2 35. Qd6+ Kf7 36. Rb7+ Kg8 37. Qb8# 1-0

[Event "Late-Titled-Tuesday-Blitz-February-20-2024"]
[Site "Chess.com"]
[Date "2024.02.20"]
[Round "2"]
[White "Alphafischer2019"]
[Black "rachidhuilda"]
[Result "1-0"]
[WhiteElo "2664"]
[BlackElo "2361"]
[TimeControl "180+1"]
[EndTime "14:15:47 PST"]
[Termination "Alphafischer2019 won on time"]

1. e4 c6 2. Nf3 d5 3. Nc3 dxe4 4. Nxe4 Bg4 5. Bc4 e6 6. h3 Bh5 7. Qe2 Nf6 8. Ng3 Bg6 9. d3 Bd6 10. Ne4 Nxe4 11. dxe4 Nd7 12. O-O Qc7 13. c3 O-O 14. a4 Rad8 15. Rd1 Ne5 16. Bg5 Nxf3+ 17. Qxf3 Be7 18. Be3 a5 19. Bd4 e5 20. Be3 Rxd1+ 21.
Rxd1 Rd8 22. Re1 Rd7 23. Qg4 Bf8 24. h4 b5 25. axb5 cxb5 26. Bxb5 Rd8 27. h5 Qb7 28.
hxg6 Qxb5 29. Qh4 1-0

[Event "Late-Titled-Tuesday-Blitz-February-20-2024"]
[Site "Chess.com"]
[Date "2024.02.20"]
[Round "2"]
[White "JiiHart"]
[Black "The_Straightforward_Rook"]
[Result "0-1"]
[WhiteElo "2166"]
[BlackElo "2448"]
[TimeControl "180+1"]
[EndTime "14:15:48 PST"]
[Termination "The_Straightforward_Rook won by resignation"]

1. e4 c6 2. d4 d5 3. Nc3 dxe4 4. Nxe4 Nf6 5. Ng5 h6 6. Nxf7 Kxf7 7. Nf3 Kg8 8. Ne5 Nbd7 9. Bc4+ Nd5 10. Ng6 Nf6 11. O-O Bg4 12. Qe1 e6 13. f3 Bf5 14. Nxh8 Kxh8 15.
g4 Bg6 16. Qxe6 Qb6 17. Bxd5 Qxd4+ 18. Be3 Qxd5 19. Qxd5 Nxd5 20. Rfe1 Bxc2 21. Rac1 Nxe3 22. Rxe3 Bc5 23. Rxc2 Bxe3+ 0-1

[Event "Late-Titled-Tuesday-Blitz-February-20-2024"]
[Site "Chess.com"]
[Date "2024.02.20"]
[Round "2"]
[White "Jospem"]
[Black "Boundless_Strike"]
[Result "1-0"]
[WhiteElo "3100"]
[BlackElo "2636"]
[TimeControl "180+1"]
[EndTime "14:15:49 PST"]
[Termination "Jospem won by resignation"]

1. e4 d6 2. d4 e5 3. c3 Nf6 4. Bd3 d5 5. dxe5 Nxe4 6. Nf3 Bc5 7. O-O O-O 8. Nbd2 f5 9. exf6 Nxf6 10. Nb3 Bb6 11.
Bg5 c6 12. Qc2 h6 13. Bh4 Nbd7 14. Rae1 c5 15. Bf5 Nb8 16. Ne5 Nc6 17. Nxc6 bxc6 18. Nd2 Bxf5 19. Qxf5 Qd7 20. Qxd7 Nxd7 21. Re6 Rac8 22.
c4 Ba5 23. Nb3 Bd8 24. Bxd8 Rfxd8 25. Na5 Nb8 26. g3 Kf7 27. Re5 Nd7 28. Re2 Nb6 29. Nb7 Rd7 30. Nxc5 Rdd8 31. cxd5 cxd5 32. Nd3 Kg8 33.
Rd1 Na4 34. Red2 Rb8 35. Kg2 Kh7 36. h4 a5 37. Rc1 Rdc8 38. Rdc2 Rc4 39. b3 Rd4 40.
Ne5 1-0

[Event "Late-Titled-Tuesday-Blitz-February-20-2024"]
[Site "Chess.com"]
[Date "2024.02.20"]
[Round "2"]
[White "pavet"]
[Black "Nick12772"]
[Result "1-0"]
[WhiteElo "2742"]
[BlackElo "2391"]
[TimeControl "180+1"]
[EndTime "14:15:49 PST"]
[Termination "pavet won by checkmate"]

1. e4 e6 2. d4 d5 3. Bd3 Nf6 4. e5 Nfd7 5. Ne2 c5 6. c3 Nc6 7. O-O cxd4 8. cxd4 f6 9. Nf4 Nxd4 10. Qh5+ Ke7 11.
Ng6+ hxg6 12. exf6+ Nxf6 13. Qxh8 Kf7 14. Nc3 e5 15.
Bg5 Be6 16. Rad1 Qb6 17. b3 Rc8 18. Ne2 Bc5 19. Qh4 Nxe2+ 20. Bxe2 Ne4 21. Bd3 Nxg5 22. Qxg5 e4 23. Be2 Rh8 24. Rxd5 Bxd5 25. Qxd5+ Kf8 26. Qxe4 Qc7 27. g3 Qc6 28. Qf4+ Kg8 29. Bc4+ Kh7 30. Qh4# 1-0

[Event "Late-Titled-Tuesday-Blitz-February-20-2024"]
[Site "Chess.com"]
[Date "2024.02.20"]
[Round "2"]
[White "nindjaxx8"]
[Black "Firouzja2003"]
[Result "0-1"]
[WhiteElo "2639"]
[BlackElo "3113"]
[TimeControl "180+1"]
[EndTime "14:15:50 PST"]
[Termination "Firouzja2003 won by resignation"]

1. d4 d5 2. c4 e6 3. Nc3 Ne7 4. cxd5 exd5 5. Nf3 Ng6 6. e3 c6 7.
Bd3 Bd6 8. Bd2 Nd7 9. Qc2 Nf6 10. h4 Bg4 11. O-O-O Qe7 12. Bf5 Bxf5 13. Qxf5 Qd7 14.
Qc2 Qg4 15. Rde1 Ne4 16. Nxe4 Qxe4 17. h5 Ne7 18. Ng5 Qxc2+ 19. Kxc2 h6 20. Nf3 O-O-O 21. e4 dxe4 22. Rxe4 Nd5 23. Rhe1 Nf6 24. Rh4 Rhe8 25. Ne5 Re7 26. f4 Nd5 27. g4 f6 28. Nd3 Rxe1 29. Nxe1 Bxf4 30. Nf3 Bd6 31. Rh1 Re8 32. Nh4 Re4 33. Nf5 Bf8 34. Rg1 Kd7 35. Kd3 Re8 36.
a3 b5 37. a4 bxa4 38. Ra1 a3 39. bxa3 Rb8 40. a4 Rb3+ 41. Kc2 Rh3 42. Rb1 Kc7 43.
Ba5+ Kc8 44. Rc1 Ra3 45. Re1 Kd7 46. Rb1 Ra2+ 47. Kd3 Rxa4 48. Rb7+ Ke6 49. Bd8 Ra3+ 50. Kd2 Nf4 51. Rc7 Bb4+ 52. Kc2 Rc3+ 53. Kb2 Nd3+ 54.
Kb1 Kd5 55. Nxg7 Kc4 56. Bxf6 Kb3 0-1

[Event "Late-Titled-Tuesday-Blitz-February-20-2024"]
[Site "Chess.com"]
[Date "2024.02.20"]
[Round "2"]
[White "GMRAVEN_ON_YOUTUBE"]
[Black "Real_taiatai"]
[Result "1-0"]
[WhiteElo "2756"]
[BlackElo "2456"]
[TimeControl "180+1"]
[EndTime "14:15:52 PST"]
[Termination "GMRAVEN_ON_YOUTUBE won by checkmate"]

1. f4 g6 2. Nf3 Bg7 3. e4 d6 4.
d4 c5 5. dxc5 Qa5+ 6. Nc3 Qxc5 7.
Bd3 Nf6 8. Qe2 Bg4 9. Be3 Qc7 10. O-O-O Nc6 11. h3 Bxf3 12. Qxf3 O-O 13. a3 a6 14. g4 b5 15. g5 Nd7 16. Nd5 Qb7 17. h4 e6 18. h5 exd5 19. exd5 Nd4 20. Qh3 Nc5 21.
hxg6 Nxd3+ 22. Rxd3 Ne2+ 23. Kd2 fxg6 24. Qxh7+ Kf7 25. Rh6 Ng3 26. Qxg6+ Kg8 27. Bd4 Ne4+ 28. Qxe4 Bxh6 29. gxh6 Kf7 30. Qe6# 1-0

[Event "Late-Titled-Tuesday-Blitz-February-20-2024"]
[Site "Chess.com"]
[Date "2024.02.20"]
[Round "2"]
[White "Bigfish1995"]
[Black "Herman-NY"]
[Result "1-0"]
[WhiteElo "3164"]
[BlackElo "2524"]
[TimeControl "180+1"]
[EndTime "14:15:52 PST"]
[Termination "Bigfish1995 won by resignation"]

1. e4 e5 2. Nf3 Nc6 3. Bb5 a6 4.
Ba4 Nf6 5. O-O Be7 6. Bxc6 dxc6 7. d3 Nd7 8. Nbd2 c5 9. Nc4 f6 10. a4 a5 11. Nh4 O-O 12. Nf5 Nb8 13. Qg4 Bxf5 14.
exf5 Nc6 15. Be3 Nb4 16. Nd2 Qd5 17. Rac1 Rad8 18. b3 Kh8 19. Ne4 Rg8 20. f4 Bd6 21. fxe5 Qxe5 22. Qh3 Nd5 23. Rf3 Rge8 24. Re1 Qb2 25.
Qh5 Nxe3 26. Rfxe3 Be5 27. R3e2 b6 28. Kh1 Qd4 29.
g4 Kg8 30. g5 Re7 31. gxf6 gxf6 32. Rg2+ Kh8 33. Reg1 Qxd3 1-0

[Event "Late-Titled-Tuesday-Blitz-February-20-2024"]
[Site "Chess.com"]
[Date "2024.02.20"]
[Round "2"]
[White "giovannibrandao7"]
[Black "bocah_sakit"]
[Result "0-1"]
[WhiteElo "2237"]
[BlackElo "2485"]
[TimeControl "180+1"]
[EndTime "14:15:54 PST"]
[Termination "bocah_sakit won on time"]

1. e4 c5 2. Nf3 Nc6 3. Bb5 g6 4. O-O Bg7 5. Re1 e5 6. c3 Nge7 7.
d4 cxd4 8. cxd4 exd4 9. Bf4 O-O 10. Bd6 a6 11. Bxc6 dxc6 12. e5 Re8 13. Nxd4 Nf5 14. Nxf5 Bxf5 15. Nc3 Qh4 16. g3 Qh3 17. Qd4 Rad8 18.
Ne4 Rxe5 19. Qxe5 Bxe5 20. Bxe5 Bxe4 21. Rxe4 Qf5 22. Rae1 Re8 23. R4e3 h5 24. Bc3 Rxe3 25. Rxe3 Kf8 26. Kg2 Qd5+ 27. f3 f5 28. b3 c5 29.
Bf6 Kf7 0-1

[Event "Late-Titled-Tuesday-Blitz-February-20-2024"]
[Site "Chess.com"]
[Date "2024.02.20"]
[Round "2"]
[White "Yushko_Olga"]
[Black "gahryman"]
[Result "0-1"]
[WhiteElo "2206"]
[BlackElo "2681"]
[TimeControl "180+1"]
[EndTime "14:15:55 PST"]
[Termination "gahryman won by resignation"]

1. d4 Nf6 2. c4 e6 3. Nc3 d5 4. cxd5 exd5 5. Bg5 c6 6. e3 Bd6 7. Bd3 O-O 8. Qc2 h6 9. Bh4 Re8 10. Nge2 a5 11. O-O Na6 12. a3 Bxh2+ 13. Kxh2 Ng4+ 14. Kg3 g5 15. Rh1 gxh4+ 16. Rxh4 Qg5 17. Rxg4 Bxg4 18.
Kh2 Nc7 19. Nf4 Ne6 20. Nxe6 Rxe6 21. Ne2 Kh8 22. Nf4 Rf6 23. f3 Rxf4 24. exf4 Qxf4+ 25. Kh1 Bxf3 26. gxf3 Qxf3+ 27. Kh2 Rg8 28. Qe2 Qg3+ 29.
Kh1 Qh3+ 30. Qh2 Qf3+ 0-1

[Event "Late-Titled-Tuesday-Blitz-February-20-2024"]
[Site "Chess.com"]
[Date "2024.02.20"]
[Round "2"]
[White "MessiKingdom"]
[Black "Chessdude1987"]
[Result "1-0"]
[WhiteElo "2612"]
[BlackElo "2353"]
[TimeControl "180+1"]
[EndTime "14:15:56 PST"]
[Termination "MessiKingdom won by checkmate"]

1. d4 e6 2. Bf4 f5 3. e3 Nf6 4. Nd2 d5 5. h3 Bd6 6. Bg5 O-O 7. g4 h6 8. Bxf6 Qxf6 9. f4 Qh4+ 10. Ke2 fxg4 11. Qe1 Qh5 12. Qg3 gxh3+ 13. Ngf3 c5 14.
Bxh3 Qf7 15. c3 cxd4 16. cxd4 Nd7 17. Ne5 Bxe5 18. fxe5 b6 19. Rag1 Ba6+ 20. Kd1 Rae8 21. Bg4 Re7 22. Rh2 Kh8 23. Bh5 Qf5 24. Bg6 Nxe5 25.
Bxf5 exf5 26. dxe5 f4 27. Qg6 fxe3 28. Rxh6+ gxh6 29. Qxh6+ Rh7 30. Qxf8# 1-0

[Event "Late-Titled-Tuesday-Blitz-February-20-2024"]
[Site "Chess.com"]
[Date "2024.02.20"]
[Round "2"]
[White "Hananmo"]
[Black "MightyGMpretender"]
[Result "0-1"]
[WhiteElo "2523"]
[BlackElo "2829"]
[TimeControl "180+1"]
[EndTime "14:15:57 PST"]
[Termination "MightyGMpretender won by resignation"]

1. Nf3 c5 2. g3 Nc6 3. Bg2 e5 4.
O-O d5 5. c4 d4 6. d3 h6 7. e3 Nf6 8. exd4 cxd4 9. Re1 Nd7 10. Nxe5 Ncxe5 11. f4 Bb4 12. Bd2 Bxd2 13. Nxd2 O-O 14. fxe5 Re8 15. Nf3 Nc5 16. b4 Ne6 17. a4 a5 18. b5 Nc5 19. Qc2 Bf5 20. Rad1 Qd7 21. Nh4 Bh7 22. Bd5 Re7 23. Rf1 Rf8 24. Nf3 Qg4 25. Kg2 Bf5 26. Rfe1 Qg6 27. Nh4 Qg5 28.
Nxf5 Qxf5 29. Qf2 Qxf2+ 30. Kxf2 Nxa4 31. Ra1 Nc5 32. Be4 a4 33. Ra3 Rfe8 34. Bd5 Rxe5 35. Rxe5 Rxe5 36. h4 Re3 37. Bxb7 Nxb7 38. Rxa4 Rxd3 39.
Ra7 Nd6 40. b6 Rb3 41. c5 Ne4+ 42. Kg2 Nxc5 0-1